 Dungeon Crawl Stone Soup version 0.17-a0-1882-g750edc8 (webtiles) character file.

873 ololoev the Chopper (level 7, -9/66 HPs)
             Began as a Deep Dwarf Fighter on Sept 22, 2015.
             Was an Initiate of Makhleb.
             Mangled by a troll (10 damage)
             ... on level 9 of the Dungeon.
             The game lasted 00:12:02 (994 turns).

ololoev the Chopper (Deep Dwarf Fighter)             Turns: 994, Time: 00:12:02

Health: -9/66      AC: 10    Str: 22      XL:     7   Next: 74%
Magic:  6/6        EV:  4    Int:  6 (8)  God:    Makhleb [......]
Gold:   124        SH: 10    Dex: 17      Spells: 0 memorised, 6 levels left

rFire  . . .     SeeInvis .     a - +0 war axe
rCold  . . .     Clarity  .     m - +0 plate armour
rNeg   . . .     SustAt   .     c - +0 shield
rPois  .         Gourm    .     (no helmet)
rElec  .         Spirit   .     n - +2 cloak
rCorr  .         Warding  .     (no gloves)
rMut   .         Stasis   .     (no boots)
MR     +....                    (no amulet)
Stlth  ..........               (no ring)
                                j - +3 ring of dexterity

@: non-regenerating, somewhat resistant to hostile enchantments, extremely
unstealthy
A: damage resistance, recharge devices, thin skeletal structure 1, deformed
body, deterioration 1, sense surroundings 1, slow healing 3
a: Device Recharging, Renounce Religion


Innate Abilities, Weirdness & Mutations

You are resistant to damage.
You can recharge devices by infusing magical energy.
You passively map a small area around you.
You do not heal naturally.
You have a somewhat thin skeletal structure (Dex +2, Stealth).
Armour fits poorly on your strangely shaped body.
Your body sometimes deteriorates upon taking damage.

Inventory:

Hand weapons
 a - a +0 war axe (weapon)
Armour
 c - a +0 shield (worn)
 m - a +0 plate armour (worn)
 n - a +2 cloak (worn)
Jewellery
 j - a +3 ring of dexterity (left hand)
Magical devices
 e - a wand of heal wounds (4)
Scrolls
 h - a scroll of noise {unknown}
 i - a scroll of magic mapping {unknown}
 k - 3 scrolls of identify {unknown}
 l - a scroll of recharging {unknown}
Potions
 d - a potion of flight {unknown}
 g - 3 potions of curing
 o - a potion of poison {unknown}
Comestibles
 b - 3 chunks of flesh
 f - a bread ration


   Skills:
 + Level 4.8 Fighting
 * Level 7.1 Axes
 + Level 5.8 Armour
 - Level 3.2 Shields


You had 6 spell levels left.
You didn't know any spells.


You were on level 9 of the Dungeon.
You worshipped Makhleb.
Makhleb was noncommittal.
You were not hungry.

You visited 2 branches of the dungeon, and saw 10 of its levels.

You collected 124 gold pieces.

*#########
........#
...[....#
........########
* ,
>..............
, ,,
............. ,
, , *
#.......... ,,,
#<......... * *
#..@....... ,
,........T......
, ,
,...............
, ,
#####..........,
#...#######
#...# , #...# *
* , ..... , ,

Notes
Turn   | Place    | Note
--------------------------------------------------------------
     0 | D:1      | ololoev the Deep Dwarf Fighter began the quest for the Orb.
     0 | D:1      | Reached XP level 1. HP: 20/20 MP: 1/1
   167 | D:2      | Reached XP level 2. HP: 25/27 MP: 2/2
   200 | D:3      | Noticed Grinder
   230 | D:3      | Killed Grinder
   230 | D:3      | Reached skill level 4 in Axes
   230 | D:3      | Reached XP level 3. HP: 3/36 MP: 3/3
   230 | D:3      | Reached XP level 4. HP: 3/44 MP: 4/4
   230 | D:3      | Reached XP level 5. HP: 3/50 MP: 5/5
   239 | D:3      | Found a snail-covered altar of Cheibriados.
   241 | D:3      | Noticed Jessica
   243 | D:3      | Killed Jessica
   243 | D:3      | Reached skill level 5 in Axes
   303 | D:4      | Found a shattered altar of Ashenzari.
   303 | D:4      | Found an ancient bone altar of Kikubaaqudgha.
   351 | D:5      | Entered Level 5 of the Dungeon
   399 | D:5      | Noticed Crazy Yiuf
   412 | D:5      | Killed Crazy Yiuf
   412 | D:5      | Reached XP level 6. HP: 38/57 MP: 1/6
   593 | D:5      | Found an opulent altar of Gozag.
   615 | D:5      | Noticed Sigmund
   626 | D:5      | Noticed Ijustatesigmund's ghost (experienced HaHu)
   629 | D:5      | Gained mutation: You have a somewhat thin skeletal structure (Dex +2, Stealth). [potion of mutation]
   629 | D:5      | Gained mutation: Your body sometimes deteriorates upon taking damage. [potion of mutation]
   629 | D:5      | Gained mutation: Armour fits poorly on your strangely shaped body. [potion of mutation]
   637 | D:5      | Killed Sigmund
   637 | D:5      | Reached skill level 6 in Axes
   637 | D:5      | Reached skill level 5 in Armour
   654 | D:5      | Killed Ijustatesigmund's ghost
   654 | D:5      | Reached XP level 7. HP: 34/66 MP: 7/7
   691 | D:5      | Found a staircase to the Ecumenical Temple.
   697 | Temple   | Entered the Ecumenical Temple
   764 | Temple   | Became a worshipper of Makhleb the Destroyer
   948 | D:8      | Reached skill level 7 in Axes
   981 | D:9      | Noticed a troll
   994 | D:9      | HP: 1/66 [troll (6)]
   994 | D:9      | Mangled by a troll

Dungeon Overview and Level Annotations

Branches:
Dungeon (9/15)             Temple (1/1) D:5
   Lair: D:8-11         Orc: D:9-12

Altars:
Ashenzari
Cheibriados
Elyvilon
Gozag
Kikubaaqudgha
Makhleb
Okawaru
Sif Muna
Vehumet
Xom
Yredelemnul
Zin


Message History

Evoke which item? (* to show all) (? for menu, Esc to quit)
Zapping:
e - a wand of heal wounds (5)
Press: ? - help, Shift-Dir - straight line, f - you You feel much better.
This wand has 4 charges left.
The troll barely misses you. The troll claws you but does no damage.
The troll claws you but does no damage. The adder bites you but does no damage.
You hit the troll.
The troll is moderately wounded.
You hit the adder.
The adder is heavily wounded.
You block the adder's attack. The troll bites you. The troll claws you!
The troll claws you. You block the adder's attack.
The troll bites you but does no damage. The troll claws you.
The troll claws you.
You closely miss the troll.
The troll is moderately wounded.
You closely miss the adder.
The adder is heavily wounded.
You block the adder's attack. The troll bites you.
The troll claws you but does no damage. The troll claws you.
Unknown command.
You hit the troll.
The troll is moderately wounded.
You closely miss the adder.
The adder is heavily wounded.
The adder bites you but does no damage. The troll bites you!
Your body deteriorates!
You feel dopey. You block the troll's attack. The troll claws you.
The adder bites you.
You slash the troll!
The troll is heavily wounded.
You slash the adder!
You kill the adder!
Makhleb accepts your kill. The troll bites you but does no damage.
The troll claws you but does no damage. The troll claws you.
You completely miss the troll.
The troll is heavily wounded.
You block the troll's attack. The troll claws you!
You block the troll's attack. The troll bites you!
You die...

You could see a troll.

Vanquished Creatures
  The ghost of Ijustatesigmund the Slinger, an experienced HaHu (D:5)
  Grinder (D:3)
  Sigmund (D:5)
  A crimson imp (D:5)
  A giant frog skeleton (D:8)
  An orc wizard (D:8)
  Crazy Yiuf (D:5)
  An orc priest (D:8)
  Jessica (D:3)
  A killer bee zombie (D:7)
  A hound zombie (D:5)
  3 adders
  An ooze (D:4)
  A worm (D:4)
  A giant gecko (D:5)
  4 orcs
  4 hobgoblins
  3 bats
  5 giant newts
  A kobold (D:2)
  4 rats
38 creatures vanquished.

Action                   |  1- 3 |  4- 6 |  7- 9 || total
-------------------------+-------+-------+-------++-------
Melee: War axe           |    39 |    83 |    32 ||   154
 Abil: Device Recharging |       |       |     1 ||     1
Evoke: Wand              |       |     7 |     3 ||    10
  Use: Potion            |     2 |     1 |       ||     3
  Eat: Chunk             |       |       |     1 ||     1

Vault maps used:
D:1:      saegor_arrival_simple_d
D:3:      nicolae_overflow_crystal_walls, first_bread, uniq_jessica,
          uniq_grinder
D:4:      amethyst_overflow_temple_binary
D:5:      kennysheep_mini, lemuel_crystal_altar, temple_green, serial_shops,
          shop_statue, basic_altar, due_unseen_surprise,
          uniq_crazy_yiuf_cottage, uniq_menkaure, uniq_sigmund
D:6:      grunt_qazlal_clouds
D:7:      nicolae_ru_great_annihilating_truth, serial_shops, shop
D:9:      gammafunk_temple_overflow_wave, nemelex_xobeh_ov_fountains_minmay,
          lemuel_round_altar, hangedman_fish_farm
Temple:   nicolae_temple_figure_zero
